AoeStats
← mjr 151

Arabia

507058348Analyzed
1v1 RM · 15d ago on Sep 16, 2026· 31m 46s· 2 players
Game mode
Random Map
Map size
Tiny (2 player)
Population
200
Speed
Normal
Resources
Standard
Victory
Conquest
Starting age
Dark Age
Ending age
Imperial Age
RankedLock teamsTeams togetherTeam positionsShared explorationLock speedFull tech treeHidden civsTurbo modeCheats
Victory
Defeat
🇫🇷 Ethiopians · France
1044
+36
🇨🇳 Lithuanians · China
1059
-17
mjr 151
7:06 Loom
9:47 Feudal Age
10:01 Man-at-Arms
15:59 Fletching
19:06 Double-Bit Axe
24:10 Castle Age
22:28 Padded Archer Armor
24:40 Wheelbarrow
24:23 Crossbowman
25:10 Thumb Ring
27:16 Bodkin Arrow
27:30 Scale Mail Armor
29:34 Leather Archer Armor
SJSJ
7:04 Loom
10:20 Feudal Age
11:02 Double-Bit Axe
23:53 Castle Age
22:38 Fletching
24:51 Scale Barding Armor
24:55 Gold Mining
Connection lost

Rejoining the realm…

Still unreachable

The connection could not be restored.

Session expired

The server has moved on; the page needs a fresh start.